 Dungeon Crawl Stone Soup version 0.31-b1-17-gcfd88c8481 (webtiles) character file.

Game seed: 8529744522774999942

886 cowcol the Chopper (level 7, -1/61 HPs)
             Began as a Minotaur Fighter on Jan 15, 2024.
             Killed by divine providence
             ... invoked by an orc priest
              (13 damage)
             ... on level 5 of the Dungeon on Jan 16, 2024.
             The game lasted 00:10:00 (3886 turns).

cowcol the Chopper (Minotaur Fighter)               Turns: 3886, Time: 00:10:01

Health: -1/61      AC: 13    Str: 22    XL:     7   Next: 76%
Magic:  6/6        EV: 15    Int:  5    God:
Gold:   237        SH:  5    Dex: 10    Spells: 6/6 levels left

rFire   . . .        a - +0 war axe
rCold   . . .        c - +0 buckler
rNeg    . . .        b - +0 scale mail
rPois   .            (helmet restricted)
rElec   .            r - +0 cloak
rCorr   .            i - +2 pair of gloves
SInv    .            g - +0 pair of boots
Will    .....        (no amulet) Stlth
                     f - +5 ring of evasion
HPRegen 0.30/turn    (no ring)
MPRegen 0.10/turn

%: no passive effects
@: no status effects
A: horns 2, retaliatory headbutt
a: no special abilities


You were on level 5 of the Dungeon.
You visited 1 branch of the dungeon, and saw 5 of its levels.

You collected 237 gold pieces.

Inventory:

Hand Weapons
 a - a +0 war axe (weapon)
 j - a +1 heavy dire flail
Missiles
 s - 9 boomerangs (quivered)
Armour
 b - a +0 scale mail (worn)
 c - a +0 buckler (worn)
 g - a +0 pair of boots (worn)
 i - a +2 pair of gloves (worn)
 k - a +0 chain mail
 p - the +1 chain mail "Maeruxidonn" {Harm rC- Dex+2}
   (You found it on level 3 of the Dungeon)

   Dex+2:     It affects your dexterity (+2).
   rC-:       It makes you vulnerable to cold.
   Harm:      It increases damage dealt and taken.
 r - a +0 cloak (worn)
Jewellery
 f - a +5 ring of evasion (left hand)
 x - a ring of ice
Wands
 w - a wand of flame (16)
Scrolls
 e - 4 scrolls of teleportation
 l - a scroll of immolation
 n - a scroll of fog {unknown}
 u - a scroll of revelation
 v - a scroll of blinking {unknown}
 y - a scroll of enchant armour {unknown}
Potions
 d - a potion of ambrosia {unknown}
 h - a potion of heal wounds
 m - a potion of haste {unknown}
 o - a potion of enlightenment {unknown}
 q - 2 potions of brilliance {unknown}
 t - a potion of lignification {unknown}


   Skills:
 + Level 5.6 Fighting
 + Level 7.3 Axes
 + Level 6.7 Armour
 - Level 1.0 Dodging
 - Level 5.0 Shields


You had 6 spell levels left.
You didn't know any spells.
Your spell library contained the following spells:

 Spells                   Type           Power      Damage    Failure   Level
 Kiss of Death            Conj/Necr      0%         2d5       83%         1
 Sting                    Conj/Alch      0%         1d3       83%         1
 Ensorcelled Hibernation  Hex/Ice        0%         N/A       93%         2
 Mercury Vapours          Alch/Air       0%         N/A       93%         2
 Confusing Touch          Hex            0%         N/A       99%         3
 Fugue of the Fallen      Necr           0%         N/A       99%         3
 Anguish                  Hex/Necr       0%         N/A       100%        4
 Dispel Undead            Necr           0%         3d6       100%        4
 Olgreb's Toxic Radiance  Alch           0%         N/A       100%        4


Dungeon Overview and Level Annotations

Branches:
Dungeon (5/15)
 Temple: D:4-7

Altars:
Uskayaw


Innate Abilities, Weirdness & Mutations

You have a pair of horns on your head.
You reflexively headbutt those who attack you in melee.


Message History

The orc priest looks satisfied for a moment.
You barely miss the orc priest.
The orc priest is almost dead.
You closely miss the orc priest. Your headbutt misses the orc priest.
The orc priest is almost dead.
You block the orc priest's attack.
Unknown command.
You barely miss the orc priest.
You headbutt the orc priest, but do no damage.
The orc priest is almost dead.
The orc priest casts a cantrip, but nothing happens.
You barely miss the orc priest.
You headbutt the orc priest, but do no damage.
The orc priest is almost dead.
The orc priest splashes around in the water.
Your unstable footing causes you to fumble your attack.
The orc priest splashes around in the water.
Unknown command.
The orc priest looks satisfied for a moment.
There is an open door, spattered with blood here.
The orc priest calls upon Beogh to heal the orc priest.
The orc priest is healed somewhat.
The orc priest closely misses you. You furiously retaliate!
You headbutt the orc priest, but do no damage.
You closely miss the orc priest. You headbutt the orc priest.
The orc priest is heavily wounded.
The orc priest mumbles some strange prayers to Beogh against you.
Beogh smites you!
* * * LOW HITPOINT WARNING * * *
The orc priest misses you.
There is an open door, spattered with blood here.
You hit the orc priest but do no damage.
The orc priest is heavily wounded.
You hit the orc priest.
The orc priest hits you with a +0 flail.
* * * LOW HITPOINT WARNING * * *
The orc priest misses you.
The orc priest mumbles some strange prayers to Beogh against you.
Beogh smites you!
You die...

###..####....####
#..# #..#
###'##♣~~##..#
.... #~~♣# ♣oo..#
####
#~♣♣~♣#♣~#.## #~
#♣~♣~♣###
#♣#♣~~~♣#
###♣~♣~♣#
##.#o♣#♣~♣ #.o@)♣
♣~~ ######..#♣~~♣
#+# #.......# ###
#.#######


You could see 2 orc priests.

Vanquished Creatures
  Sigmund (D:2)
  Edmund (D:4)
  A water moccasin (D:5)
  The ghost of hawla the Changeling, an amateur FeSh (D:3)
  A black bear (D:5)
  A howler monkey (D:4)
  A bombardier beetle (D:4)
  Jessica (D:3)
  Natasha (thrice) (D:4)
  An iguana (D:5)
  Robin (D:4)
  4 adders
  2 ufetubi (D:5)
  A dart slug (D:2)
  A ribbon worm (D:3)
  10 orcs
  3 bats
  4 endoplasms
  2 giant cockroaches
  10 goblins
  12 hobgoblins
  2 jackals (D:2)
  3 quokkas
  9 ball pythons
  A frilled lizard (D:3)
  2 rats
79 creatures vanquished.

Notes
Turn   | Place    | Note
-------+----------+-------------------------------------------
     0 | D:1      | cowcol the Minotaur Fighter began the quest for the Orb.
     0 | D:1      | Reached XP level 1. HP: 19/19 MP: 0/0
     6 | D:1      | Noticed a black mamba
     6 | D:1      | Noticed a four-headed hydra
     6 | D:1      | Noticed an iguana
     6 | D:1      | Noticed a scorpion
     6 | D:1      | Noticed a polar bear
   312 | D:1      | Reached XP level 2. HP: 27/27 MP: 1/1
   359 | D:1      | Found a faded altar of an unknown god.
  1209 | D:2      | Reached XP level 3. HP: 33/33 MP: 2/2
  1261 | D:2      | Reached skill level 3 in Axes
  1439 | D:2      | Noticed Sigmund
  1447 | D:2      | Killed Sigmund
  1448 | D:2      | Reached skill level 4 in Axes
  1448 | D:2      | Reached XP level 4. HP: 41/41 MP: 3/3
  1448 | D:2      | Reached XP level 5. HP: 47/47 MP: 4/4
  1475 | D:2      | Reached skill level 5 in Armour
  1712 | D:3      | Noticed Jessica
  1732 | D:3      | Killed Jessica
  1764 | D:3      | Found a runed translucent door.
  1771 | D:3      | Identified the +1 chain mail "Maeruxidonn" {Harm rC- Dex+2}
  1789 | D:3      | Noticed hawla's ghost (amateur FeSh)
  1806 | D:3      | Killed hawla's ghost
  1807 | D:3      | Reached skill level 5 in Fighting
  1807 | D:3      | Reached skill level 5 in Axes
  1807 | D:3      | Reached XP level 6. HP: 12/56 MP: 5/5
  2830 | D:4      | Noticed Robin
  2838 | D:4      | Killed Robin
  2842 | D:4      | Noticed Edmund
  2848 | D:4      | Killed Edmund
  2849 | D:4      | Reached skill level 6 in Axes
  2849 | D:4      | Reached skill level 1 in Dodging
  2849 | D:4      | Reached XP level 7. HP: 61/61 MP: 6/6
  2902 | D:4      | Noticed Natasha
  2911 | D:4      | Killed Natasha
  2964 | D:4      | Noticed Natasha
  2990 | D:4      | Killed Natasha
  3108 | D:4      | Found a hide-covered altar of Uskayaw.
  3610 | D:4      | Noticed Natasha
  3617 | D:4      | Killed Natasha
  3752 | D:5      | Entered Level 5 of the Dungeon
  3858 | D:5      | Reached skill level 7 in Axes
  3858 | D:5      | Reached skill level 5 in Shields
  3886 | D:5      | Killed from afar by an orc priest

Illustrated notes

Levels and vault maps discovered:
D:1:      onia_arrival_zoo_common, layout_rooms, ebering_ecumenical_altar_mist,
          minmay_fountain_box
D:2:      layout_loops_corners, minmay_misc_feat_four_crosses, uniq_sigmund
D:3:      layout_basic, ebering_ghost_reflecting_pool, uniq_jessica
D:4:      layout_basic, amcnicky_altar_gilded, uniq_natasha, uniq_edmund,
          uniq_robin
D:5:      layout_loops_ring, nicolae_wu_jian_wuxing_cycle, serial_shops, shop,
          saegor_snake_ambush

Skill      XL: |  1  2  3  4  5  6  7 |
---------------+----------------------+-----
Fighting       | 4 5 |  5.6
Shields        | 4 5 |  5.0
Armour         | 4 5 6 |  6.7
Axes           | 4 5 6 7 |  7.3
Dodging        | 1 |  1.0

Action                     |  1- 3 |  4- 6 |  7- 9 || total
---------------------------+-------+-------+-------++-------
  Melee: War axe           |    51 |    74 |    74 ||   199
         Headbutt          |     5 |     8 |     9 ||    22
  Throw: Boomerang         |       |       |     1 ||     1
    Use: Scroll            |     4 |     1 |       ||     5
         Potion            |     1 |     1 |     1 ||     3
 Armour: Scale mail        |    16 |    40 |    44 ||   100
  Dodge: Dodged            |    37 |    40 |    59 ||   136
  Block: Buckler           |     5 |    19 |    18 ||    42
